 Dungeon Crawl Stone Soup version 0.29.0-4-gdea44cf6ec (webtiles) character file.

Game seed: 9038587988397139506

5 qw the Sneak (level 1, -2/15 HPs)
             Began as a Ghoul Enchanter on Sept 8, 2022.
             Slain by a kobold
             ... wielding a +0 whip
              (5 damage)
             ... on level 1 of the Dungeon.
             The game lasted 00:00:08 (153 turns).

qw the Sneak (Ghoul Enchanter)                       Turns: 153, Time: 00:00:08

Health: -2/15      AC:  2    Str: 11    XL:     1   Next: 80%
Magic:  2/2        EV: 12    Int: 10    God:
Gold:   22         SH:  0    Dex:  9    Spells: 3/3 levels left

rFire   . . .      SeeInvis .   f - +0 trident
rCold   + . .      Faith    .   (no shield)
rNeg    + + +      Spirit   .   b - +0 robe
rPois   inf        Reflect  .   (no helmet)
rElec   .          Harm     .   (no cloak)
rCorr   .          Rampage  .   (no gloves)
Will    .....                   (no boots)
Stlth   ++........              (no amulet)
HPRegen 0.00/turn               (no ring)
MPRegen 0.08/turn               (no ring)

@: inhibited regen
A: claws 1, cold resistance 1, negative energy resistance 3, inhibited
regeneration, torment resistance 2, devour on kill
a: no special abilities


You were on level 1 of the Dungeon.
You visited 1 branch of the dungeon, and saw 1 of its levels.

You collected 22 gold pieces.


Innate Abilities, Weirdness & Mutations

You are immune to poison.
You have sharp fingernails.
Your flesh is cold resistant. (rC+)
You are immune to negative energy. (rN+++)
You do not regenerate when monsters are visible.
You are immune to unholy pain and torment.
You thrive by killing the living.


   Skills:
 + Level 0.4 Fighting
 - Level 0.8 Short Blades
 - Level 1.0 Axes
 - Level 1.7 Dodging
 - Level 3.2 Stealth
 - Level 1.7 Spellcasting
 - Level 2.4 Hexes


You had 3 spell levels left.
You didn't know any spells.
Your spell library contained the following spells:

 Spells                   Type           Power      Damage    Failure   Level
 Ensorcelled Hibernation  Hex/Ice        6%         N/A       30%         2
 Confusing Touch          Hex            5%         N/A       34%         3
 Tukima's Dance           Hex            5%         N/A       34%         3
 Dazzling Flash           Conj/Hex       6%         N/A       52%         3

Inventory:

Hand Weapons
 f - a +0 trident (weapon)
Armour
 b - a +0 robe (worn)
Scrolls
 a - a scroll of teleportation {unknown}
 d - a scroll of vulnerability {unknown}
Potions
 c - 2 potions of invisibility
 e - a potion of brilliance {unknown}

Dungeon Overview and Level Annotations

Branches:
Dungeon (1/15)

Altars:


Message History

Your Axes skill increases to level 1!
A hobgoblin comes into view.
Found a scroll labelled JOKKIC MAON.
The hobgoblin shouts!
Reach: f) +0 trident
Press: ? - help, Dir - move target, f - hobgoblin You closely miss the hobgoblin.
You puncture the hobgoblin!
You kill the hobgoblin!
a - a scroll labelled JOKKIC MAON
Found a stone staircase leading down.
Enter note: You now have 22 gold pieces (gained 6).
A kobold comes into view. It is wielding a +0 whip.
Enter note: The kobold shouts!
A quokka comes into view.
Reach: f) +0 trident
Press: ? - help, Dir - move target, f - kobold You closely miss the kobold.
A kobold comes into view. It is wielding a +0 short sword.
The kobold hits you with a +0 whip.
The kobold moves out of view.
You barely miss the kobold. The kobold barely misses you.
You miss the kobold. The quokka bites you. The kobold hits you with a +0 whip.
You hit the kobold but do no damage. The quokka barely misses you.
The kobold closely misses you. The quokka misses you.
You completely miss the kobold. The quokka closely misses you.
The kobold barely misses you.
A dart slug comes into view.
The quokka closely misses you. The kobold hits you with a +0 whip.
152 ||| Stepping ~*~*~tactically~*~*~ (outnumbered).
The kobold attacks as you move away! The kobold closely misses you.
The quokka attacks as you move away! The quokka bites you.
You closely miss the kobold.
The quokka bites you but does no damage.
The kobold hits you with a +0 whip.
You die...

.....# #..#
w.K...## ##.##
......#####..#
.......##...##
#....##.### .
#...##.# ...
#......#
.....#Kr.#.##
.......@.#.#
.#.......#.#
##......#.#
##.....#.#
#.......#
#......##
##.....#
#######


You could see a quokka and 2 kobolds.

Vanquished Creatures
  A giant cockroach (D:1)
  A hobgoblin (D:1)
  A kobold (D:1)
  A quokka (D:1)
4 creatures vanquished.

Notes
Turn   | Place    | Note
-------+----------+-------------------------------------------
     0 | D:1      | qw the Ghoul Enchanter began the quest for the Orb.
     0 | D:1      | Reached XP level 1. HP: 14/14 MP: 2/2
     0 | D:1      | 0 ||| qw: Version: 0.1-a-112-g44dc6cd
     0 | D:1      | 0 ||| qw: Game counter: 6802
     0 | D:1      | 0 ||| qw: Always use a shield: true
     0 | D:1      | 0 ||| qw: God list: Okawaru
     0 | D:1      | 0 ||| qw: Allow faded altars: false
     0 | D:1      | 0 ||| qw: Do Orc after D:15 true
     0 | D:1      | 0 ||| qw: Do second Lair branch before Depths: true
     0 | D:1      | 0 ||| qw: Lair rune preference: random
     0 | D:1      | 0 ||| qw: Plans: Normal
     0 | D:1      | 0 ||| PLANNING D:1-11
    67 | D:1      | 67 ||| SWAPPING to +0 trident.
    68 | D:1      | 68 ||| DROPPING +1 dagger.
    91 | D:1      | Reached skill level 1 in Axes
   152 | D:1      | 152 ||| Stepping ~*~*~tactically~*~*~ (outnumbered).
   152 | D:1      | HP: 3/15 [quokka (3)]
   153 | D:1      | Slain by a kobold

Levels and vault maps discovered:
D:1:      dpeg_arrival_tiny_d, layout_basic,
          shapermc_ecumenical_altar_notcrosses, minmay_parallelograms

Skill      XL: |  1 |
---------------+----+-----
Axes           | 1 |  1.0
Fighting       | |  0.4
Short Blades   | |  0.8
Dodging        | |  1.7
Stealth        | |  3.2
Spellcasting   | |  1.7
Hexes          | |  2.4

Action                   || total
-------------------------++-------
Melee: Trident           ||    12
       Dagger            ||     6
Armor: Robe              ||     2
Dodge: Dodged            ||    10

Table legend:
 A = Non-vault XP
 B = Vault XP
 C = Vault XP percentage of total XP
 D = Non-vault monster count
 E = Vault monster count
 F = Vault count percentage of total count
                 A         B        C        D         E       F
            +---------+---------+-------+---------+---------+-------
      Total |       8 |       0 |   0.0 |       4 |       0 |   0.0
            +---------+---------+-------+---------+---------+-------
        D:1 |       8 |       0 |   0.0 |       4 |       0 |   0.0
            +---------+---------+-------+---------+---------+-------
